 Dungeon Crawl Stone Soup version 0.21-a0-630-g344d351 (webtiles) character file.

91 Firecrotchwizard the Cudgeler (level 4, 0/48 HPs)
             Began as an Ogre Berserker on Dec 26, 2017.
             Was a Believer of Trog.
             Slain by an orc (3 damage)
             ... on level 3 of the Dungeon.
             The game lasted 00:02:41 (2075 turns).

Firecrotchwizard the Cudgeler (Ogre Berserker)      Turns: 2075, Time: 00:02:42

Health: 0/48       AC:  3    Str: 21    XL:     4   Next: 59%
Magic:  4/4        EV: 10    Int:  8    God:    Trog [**....]
Gold:   98         SH:  0    Dex:  9    Spells: 3/3 levels left

rFire    . . .     SeeInvis .   a - +0 mace
rCold    . . .     Gourm    .   (no shield)
rNeg     . . .     Faith    .   b - +0 animal skin
rPois    .         Spirit   .   (helmet restricted)
rElec    .         Reflect  .   (no cloak)
rCorr    .         Harm     .   (gloves unavailable)
MR       .....                  (boots unavailable)
Stlth    +.........             (no amulet)
HPRegen  0.16/turn              (no ring)
MPRegen  0.09/turn              (no ring)

@: lethally poisoned (0 -> -13), invisible
A: large, unfitting armour, tough skin 1
a: Berserk, Trog's Hand, Burn Spellbooks, Renounce Religion


You were on level 3 of the Dungeon.
You worshipped Trog.
Trog was pleased with you.
You were not hungry.

You visited 1 branch of the dungeon, and saw 3 of its levels.

You collected 98 gold pieces.

Inventory:

Hand Weapons
 a - a +0 mace (weapon)
Armour
 b - a +0 animal skin (worn)
Scrolls
 d - 4 scrolls of teleportation {unknown}
 m - a scroll of identify {unknown}
 n - 2 scrolls of remove curse {unknown}
 o - a scroll of amnesia {unknown}
 p - a scroll of fog {unknown}
Potions
 e - a potion of magic {unknown}
 f - a potion of flight {unknown}
 g - 2 potions of invisibility
 h - a potion of heal wounds {unknown}
 i - a potion of ambrosia {unknown}
 j - 2 potions of might {unknown}
 l - a potion of mutation {unknown}
 q - 2 potions of curing {unknown}
Comestibles
 c - 10 rations {@e1}
 k - a chunk of flesh {@w0}


   Skills:
 - Level 4.0 Fighting
 * Level 4.7 Maces & Flails
 - Level 2.6 Dodging


You had 3 spell levels left.
You didn't know any spells.

Dungeon Overview and Level Annotations

Branches:
Dungeon (3/15)

Altars:
Cheibriados
Dithmenos
Hepliaklqana


Innate Abilities, Weirdness & Mutations

You are too large for most types of armour.
You have tough skin. (AC +1)


Message History

An orc comes into view. It is wielding a club.
An orc comes into view.
The orc misses you.
You closely miss the orc.
The orc shouts!
The orc hits you but does no damage.
A kobold comes into view. It is wielding a club.
You barely miss the orc. The orc hits you with a flail!
You take 9 damage, and have 39/48 hp.
Your skin crawls.
You feel resistant to hostile enchantments.
You feel somewhat more hungry. The orc hits you but does no damage.
The orc wizard hits you with a dagger of venom.
You are poisoned.
You take 2 damage, and have 37/48 hp.
You hit the orc wizard.
You feel sick.
The orc wizard mumbles some strange words.
The orc wizard seems to speed up.
The orc hits you with a flail.
You take 4 damage, and have 33/48 hp.
You closely miss the orc wizard.
You feel sick. The orc wizard barely misses you.
The orc wizard hits you but does no damage.
You are more poisoned.
You hit the orc wizard.
You feel sick.
The orc wizard mumbles some strange words.
The orc wizard blinks!
You feel sick.
You feel sick.
You take 1 damage, and have 32/48 hp.
You barely miss the orc.
You feel sick. The orc barely misses you.
You hit the orc.
You feel the effects of Trog's Hand fading.
You feel sick.
You completely miss the orc wizard.
You feel sick.
The orc wizard hits you but does no damage.
You are more poisoned.
You hit the orc but do no damage.
You feel sick. The orc barely misses you.
You hit the orc but do no damage.
You feel sick.
The orc wizard casts a spell.
The orc wizard blinks!
The orc barely misses you.
Unknown command.
You barely miss the orc.
You feel sick. The orc barely misses you.
You take 1 damage, and have 32/48 hp.
You hit the orc but do no damage.
Your skin stops crawling.
You feel less resistant to hostile enchantments.
You feel sick. The orc hits you but does no damage.
You take 1 damage, and have 31/48 hp.
Unknown command.
You barely miss the orc.
You feel sick. The orc hits you.
You take 5 damage, and have 26/48 hp.
You closely miss the orc.
You feel sick. The orc hits you.
You take 1 damage, and have 25/48 hp.
You barely miss the orc.
You feel sick. The orc barely misses you.
The orc wizard casts a spell.
The orc wizard blinks!
The orc hits you.
You take 3 damage, and have 22/48 hp.
You closely miss the orc.
You feel sick. The orc barely misses you.
You take 1 damage, and have 21/48 hp.
You hit the orc but do no damage.
You feel sick.
The orc wizard gestures wildly while chanting.
The orc wizard blinks!
The orc hits you.
The orc wizard hits you but does no damage.
You take 3 damage, and have 18/48 hp.
You closely miss the orc.
The orc wizard hits you but does no damage.
You are more poisoned.
The orc completely misses you.
The orc wizard hits you but does no damage.
You are lethally poisoned!
You sock the orc wizard!
You kill the orc wizard!
Trog accepts your kill.
Trog appreciates your killing of a magic user.
You feel very sick. The orc barely misses you.
You take 2 damage, and have 16/48 hp.
* * * LOW HITPOINT WARNING * * *
You feel sick.
Things that are here:
a dagger of venom; a robe You take 2 damage, and have 14/48 hp.
You hit the orc.
* * * LOW HITPOINT WARNING * * *
You feel sick. The orc hits you.
* * * LOW HITPOINT WARNING * * *
You take 3 damage, and have 11/48 hp.
You hit the orc but do no damage.
* * * LOW HITPOINT WARNING * * *
You feel sick. The orc hits you.
* * * LOW HITPOINT WARNING * * *
The orc hits you.
* * * LOW HITPOINT WARNING * * *
You take 6 damage, and have 5/48 hp.
It was a potion of invisibility.
You fade into invisibility!
* * * LOW HITPOINT WARNING * * *
You feel sick. The orc hits you.
You die...

#.# #......#
#......# #...##.#
......#+#####+#
#..##..........
#..##..........
######.o##@.........
.......oKo........#
.#####..##.#.#.####
####..##.#.#.#..#
#......#'#'#.#.##
#...............#
#..............##
#............<.#
#..............##


You could see 2 orcs and a kobold.

Vanquished Creatures
  An orc wizard (D:3)
  2 adders (D:2)
  A worm (D:3)
  2 dart slugs
  A leopard gecko (D:1)
  2 orcs (D:3)
  5 goblins
  3 hobgoblins
  5 kobolds
  9 bats
  5 frilled lizards
  3 rats
39 creatures vanquished.

Notes
Turn   | Place    | Note
-------+----------+-------------------------------------------
     0 | D:1      | Firecrotchwizard the Ogre Berserker began the quest for the Orb.
     0 | D:1      | Reached XP level 1. HP: 24/24 MP: 1/1
   184 | D:1      | Reached skill level 3 in Maces & Flails
   317 | D:1      | Reached XP level 2. HP: 32/32 MP: 2/2
   944 | D:2      | Reached ** piety under Trog
   944 | D:2      | Reached XP level 3. HP: 34/39 MP: 3/3
  1140 | D:2      | Reached skill level 4 in Maces & Flails
  1395 | D:2      | Found a snail-covered altar of Cheibriados.
  1400 | D:2      | Found a hazy altar of Hepliaklqana.
  1403 | D:2      | Found a shadowy altar of Dithmenos.
  1733 | D:3      | HP: 9/39 [worm (10)]
  1735 | D:3      | Reached XP level 4. HP: 10/48 MP: 4/4
  2073 | D:3      | HP: 12/48 [poisoned by an orc wizard]
  2074 | D:3      | HP: 5/48 [orc (3)]
  2075 | D:3      | Slain by an orc

Vault maps used:
D:1:      dpeg_arrival_triangle_fractal, patterned_corridor
D:2:      minmay_overflow_temple_star_quad
D:3:      kennysheep_the_goblin_king, chequers_temple_overflow_minitemple,
          serial_corexii_hall, corexii_hall_statues_l, corexii_hall_statues_x,
          uniq_terence

Skill      XL: |  1  2  3 |
---------------+----------+-----
Maces & Flails | 3 4 |  4.7
Fighting       | |  4.0
Dodging        | |  2.6

Action                   |  1- 3 |  4- 6 || total
-------------------------+-------+-------++-------
Melee: Mace              |   109 |    28 ||   137
Invok: Trog's Hand       |       |     1 ||     1
  Use: Potion            |       |     1 ||     1
 Stab: Sleeping          |     1 |       ||     1
  Eat: Chunk             |     2 |     2 ||     4
Armor: Animal skin       |    40 |     8 ||    48
Dodge: Dodged            |    59 |    16 ||    75

Table legend:
 A = Spawn XP
 B = Non-spawn XP
 C = Spawn XP percentage of total XP
 D = Spawn monster count
 E = Non-spawn monster count
 F = Spawn count percentage of total count
 G = Total turns spent on level
                    A         B        C        D         E        F      G
               +---------+---------+-------+---------+---------+-------+---------
         Total |       0 |     131 |   0.0 |       0 |      39 |   0.0 |  2075
               +---------+---------+-------+---------+---------+-------+---------
           D:1 |       0 |      26 |   0.0 |       0 |      14 |   0.0 |   869
           D:2 |       0 |      52 |   0.0 |       0 |      19 |   0.0 |   794
           D:3 |       0 |      53 |   0.0 |       0 |       6 |   0.0 |   412
               +---------+---------+-------+---------+---------+-------+---------

Vault maps used:
D:1:      dpeg_arrival_triangle_fractal, patterned_corridor
D:2:      minmay_overflow_temple_star_quad
D:3:      kennysheep_the_goblin_king, chequers_temple_overflow_minitemple,
          serial_corexii_hall, corexii_hall_statues_l, corexii_hall_statues_x,
          uniq_terence

Table legend:
 A = Turns spent in this place as a percentage of turns spent in the entire game.
 B = Non-inter-level travel turns spent in this place as a percentage of non-inter-level travel turns spent in the entire game.
 C = Inter-level travel turns spent in this place as a percentage of turns spent in this place.
 D = Turns resting spent in this place as a percentage of non-inter-level travel turns spent in this place.
 E = Turns spent auto-exploring this place as a percentage of non-inter-level travel turns spent in this place.
 F = Non-inter-level travel turns spent in this place divided by the number of levels of this place that you've seen.
                   A       B       C       D       E      F
               +-------+-------+-------+-------+-------+----------------------
         Total | 100.0 | 100.0 |   3.0 |  19.4 |  66.8 | 670.7
       Dungeon | 100.0 | 100.0 |   3.0 |  19.4 |  66.8 | 670.7
               +-------+-------+-------+-------+-------+----------------------

Table legend:
 A = Kills in this place as a percentage of kills in entire the game.
 B = Kills by you in this place as a percentage of kills by you in the entire game.
 C = Kills by friends in this place as a percentage of kills by friends in the entire game.
 D = Other kills in this place as a percentage of other kills in the entire game.
 E = Experience gained in this place as a percentage of experience gained in the entire game.
 F = Experience gained in this place divided by the number of levels of this place that you have seen.
                   A       B       C       D       E      F
               +-------+-------+-------+-------+-------+----------------------
         Total | 100.0 | 100.0 |   N/A |   N/A | 100.0 |  43.7
       Dungeon | 100.0 | 100.0 |   N/A |   N/A | 100.0 |  43.7
               +-------+-------+-------+-------+-------+----------------------
